 Dungeon Crawl Stone Soup version 0.29.1-2-gbd0b4ee654 (webtiles) character file.

Game seed: 9455915775787980718

1366 MisterFreud the Cruncher (level 8, 0/62 HPs)
             Began as a Formicid Gladiator on Nov 1, 2022.
             Was an Initiate of Yredelemnul.
             Slain by a troll (11 damage)
             ... on level 8 of the Dungeon.
             The game lasted 00:07:11 (7776 turns).

MisterFreud the Cruncher (Formicid Gladiator)       Turns: 7776, Time: 00:07:13

Health: 0/62       AC: 11    Str: 21    XL:     8   Next: 97%
Magic:  8/8        EV: 11    Int:  8    God:    Yredelemnul [......]
Gold:   261        SH:  0    Dex: 15    Spells: 7/7 levels left

rFire   . . .      SeeInvis +   a - +3 quarterstaff
rCold   . . .      Faith    .   (no shield)
rNeg    + . .      Spirit   .   m - +2 scale mail {rN+}
rPois   +          Reflect  .   (helmet unavailable)
rElec   .          Harm     .   (no cloak)
rCorr   .          Rampage  .   b - +1 pair of gloves
Will    .....                   (no boots)
Stlth   ..........              e - amulet of the acrobat
HPRegen 0.20/turn               r - ring of poison resistance
MPRegen 0.11/turn               (no ring)

@: studying Armour
A: permanent stasis, dig shafts and tunnels, antennae 3, four strong arms
a: Dig, Shaft Self, Renounce Religion, Recall Undead Harvest


You were on level 8 of the Dungeon.
You worshipped Yredelemnul.
Yredelemnul was noncommittal.
You visited 2 branches of the dungeon, and saw 8 of its levels.

You collected 261 gold pieces.

Inventory:

Hand Weapons
 a - a +3 quarterstaff (weapon)
Missiles
 c - 3 throwing nets (quivered)
 d - a javelin
 g - 2 poisoned darts
 p - 2 boomerangs
Armour
 b - a +1 pair of gloves (worn)
 m - a +2 scale mail of positive energy (worn)
Jewellery
 e - an amulet of the acrobat (around neck)
 r - a ring of poison resistance (left hand)
Wands
 k - a wand of polymorph (9)
Scrolls
 o - a scroll of poison
 q - a scroll of summoning
Potions
 f - 2 potions of might
 h - 2 potions of magic
 i - a potion of heal wounds
 l - a potion of mutation
 n - 2 potions of curing {unknown}
 s - a potion of lignification {unknown}
 t - a potion of berserk rage
 u - a potion of ambrosia {unknown}


   Skills:
 - Level 5.0 Fighting
 + Level 8.7 Staves
 - Level 2.0 Throwing
 - Level 5.0 Armour
 - Level 2.6 Dodging


You had 7 spell levels left.
You didn't know any spells.
Your spell library contained the following spells:

 Spells                   Type           Power      Damage    Failure   Level
 Foxfire                  Conj/Fire      0%         2x1d4     75%         1
 Ensorcelled Hibernation  Hex/Ice        0%         N/A       86%         2
 Conjure Flame            Conj/Fire      0%         6-21      98%         3
 Gell's Gravitas          Tloc           0%         N/A       98%         3
 Inner Flame              Hex/Fire       0%         N/A       98%         3
 Lesser Beckoning         Tloc           0%         N/A       98%         3
 Spider Form              Tmut/Pois      0%         N/A       98%         3
 Teleport Other           Tloc           0%         N/A       98%         3
 Anguish                  Hex/Necr       0%         N/A       100%        4
 Flame Wave               Conj/Fire      0%         2d4       100%        4
 Manifold Assault         Tloc           0%         N/A       100%        5
 Dispersal                Tloc           0%         N/A       100%        6
 Blink                    Tloc           Unusable   N/A       N/A         2

Dungeon Overview and Level Annotations

Branches:
Dungeon (6/15)             Temple (1/1) D:6

Altars:
Ashenzari
Cheibriados
Dithmenos
Fedhas
Gozag
Hepliaklqana
Makhleb
Okawaru
Qazlal
Ru
Trog
Uskayaw
Wu Jian
Xom
Yredelemnul
Zin
The Shining One

Shops:
D:1 (


Innate Abilities, Weirdness & Mutations

You cannot be hasted, slowed, berserked, paralysed or teleported.
You can dig through walls and to a lower floor.
You have a pair of large antennae on your head. (SInv)
Your four strong arms can wield two-handed weapons with a shield.


Message History

You fall into a shaft and drop 2 floors!
The shaft crumbles and collapses.
You start resting.
Your attacks no longer feel as feeble.
You start resting.
HP restored.
Found a stone staircase leading up.
A troll comes into view.
The troll shouts!
The troll misses you. The troll claws you but does no damage.
The troll completely misses you.
You sock the troll!
The troll is moderately wounded.
You closely miss the troll.
The troll is moderately wounded.
The troll bites you. The troll claws you.
The troll claws you but does no damage.
You barely miss the troll.
The troll is moderately wounded.
The troll bites you! The troll completely misses you.
The troll barely misses you.
You closely miss the troll.
The troll is moderately wounded.
The troll bites you but does no damage. The troll claws you but does no damage.
The troll claws you!
You hit the troll.
The troll is moderately wounded.
The troll bites you. The troll barely misses you.
The troll claws you but does no damage.
You sock the troll!
The troll is severely wounded.
The troll bites you! The troll barely misses you. The troll claws you.
* * * LOW HITPOINT WARNING * * *
You sock the troll!
The troll is almost dead.
The troll bites you.
* * * LOW HITPOINT WARNING * * *
The troll claws you!
You die...
Your body rises from the dead as a mindless zombie.

..#. ... .
##..# .. #...
.#.. #.$# ....
#..# #
.....##T.##.###
.......@.......
......#.?######
....#.#..#
<........#
#####.#.##
...#.# ###
#.##### #.....#
.#########.#


You could see a troll.

Vanquished Creatures
  An acid dragon (D:4)
  An ogre (D:5)
  A black bear (D:4)
  A phantom (D:5)
  A bullfrog (D:4)
  4 scorpions
  A necrophage (D:5)
  3 wights
  A howler monkey (D:5)
  A jelly (D:5)
  A gnoll bouda (D:4)
  2 hounds (D:5)
  2 iguanas
  2 orc wizards
  4 gnolls
  2 adders (D:2)
  A shadow imp (D:5)
  A worm (D:5)
  9 orcs
  6 ball pythons
  9 bats
  3 endoplasms
  3 giant cockroaches
  5 goblins
  9 hobgoblins
  8 jackals
  4 quokkas
  8 frilled lizards
  10 kobolds
  4 rats
  A butterfly (D:6)
109 creatures vanquished.

Vanquished Creatures (collateral kills)
  A wight (D:4)
  A gnoll (D:5)
  An orc (D:4)
  A hobgoblin (D:4)
4 creatures vanquished.

Vanquished Creatures (others)
  A ball python zombie (D:4)
  A hobgoblin zombie (D:4)
2 creatures vanquished.

Grand Total: 115 creatures vanquished

Notes
Turn   | Place    | Note
-------+----------+-------------------------------------------
     0 | D:1      | MisterFreud the Formicid Gladiator began the quest for the
                  | Orb.
     0 | D:1      | Reached XP level 1. HP: 16/16 MP: 1/1
    22 | D:1      | Found Jorchaunn's Weapon Shop.
   156 | D:1      | Reached XP level 2. HP: 13/22 MP: 2/2
   785 | D:1      | Reached skill level 4 in Staves
   785 | D:1      | Reached XP level 3. HP: 24/27 MP: 3/3
  1799 | D:2      | Reached XP level 4. HP: 33/33 MP: 4/4
  1911 | D:2      | You fall into a shaft and drop 1 floor!
  2483 | D:3      | Reached skill level 5 in Staves
  3119 | D:3      | Found a faded altar of an unknown god.
  3331 | D:4      | Reached XP level 5. HP: 35/38 MP: 5/5
  3368 | D:4      | Reached skill level 6 in Staves
  3482 | D:3      | Reached skill level 1 in Armour
  3482 | D:3      | Reached XP level 6. HP: 15/46 MP: 6/6
  3713 | D:4      | You fall into a shaft and drop 2 floors!
  4006 | D:6      | Found a staircase to the Ecumenical Temple.
  4029 | Temple   | Entered the Ecumenical Temple
  4050 | Temple   | Became a worshipper of Yredelemnul the Dark
  4175 | D:5      | Entered Level 5 of the Dungeon
  4704 | D:5      | Found a burning altar of Makhleb.
  4772 | D:4      | Reached XP level 7. HP: 51/53 MP: 7/7
  4774 | D:4      | Noticed an acid dragon
  4796 | D:4      | Reached * piety under Yredelemnul
  4801 | D:4      | Killed an acid dragon
  4802 | D:4      | Reached skill level 5 in Fighting
  4802 | D:4      | Reached skill level 5 in Armour
  4808 | D:4      | Reached XP level 8. HP: 42/62 MP: 8/8
  5098 | D:4      | Found a hide-covered altar of Uskayaw.
  5112 | D:4      | Found a glowing golden altar of the Shining One.
  5136 | D:4      | Reached skill level 7 in Staves
  5957 | D:5      | Reached skill level 8 in Staves
  6488 | D:5      | Found an iron altar of Okawaru.
  6488 | D:5      | Found a bloodstained altar of Trog.
  7525 | D:6      | You fall into a shaft and drop 2 floors!
  7766 | D:8      | Noticed a troll
  7776 | D:8      | Slain by a troll

Illustrated notes

Levels and vault maps discovered:
D:1:      wander_arrival_chamber, layout_basic, serial_shops,
          nicolae_shop_crystal
D:2:      layout_basic, minivault_4
D:3:      layout_loops_ring, shapermc_ecumenical_altar_mp_vishouse,
          minmay_crystal_room
D:4:      layout_rooms, old_standard_altar, lemuel_crystal_altar,
          minmay_manual_moon
D:5:      layout_loops_ring, lemuel_coloured_pillars_altar,
          grunt_temple_overflow_bloody_war
D:6:      layout_gridville, mainiacjoe_overflow_surrounded_room,
          minmay_temple_entry_butterflies
D:8:      old_forge, layout_basic, amcnicky_altar_gilded,
          minmay_tree_intersection, nicolae_wooded_promenade
Temple:   nicolae_temple_ecumenical_triangle

Skill      XL: |  1  2  3  4  5  6  7  8 |
---------------+-------------------------+-----
Staves         | 4 5 6 8 |  8.7
Armour         | 1 3 5 |  5.0
Fighting       | 3 5 |  5.0
Throwing       | |  2.0
Dodging        | |  2.6

Action                   |  1- 3 |  4- 6 |  7- 9 || total
-------------------------+-------+-------+-------++-------
Melee: Quarterstaff      |    88 |   152 |   141 ||   381
       Punch             |     1 |       |     1 ||     2
 Abil: Shaft Self        |       |     2 |     1 ||     3
  Use: Scroll            |     2 |     7 |     5 ||    14
Armor: Leather armour    |    36 |       |       ||    36
       Ring mail         |     2 |    52 |    30 ||    84
       Scale mail        |       |       |    11 ||    11
Dodge: Dodged            |    75 |   111 |    97 ||   283
